 Dungeon Crawl Stone Soup version 0.28-a0-863-g8cecda6153 (webtiles) character file.

Game seed: 16056854205096900993

73297 Peloso the Tortoise (level 15, -24/130 (139) HPs)
             Began as a Minotaur Fighter on Nov 18, 2021.
             Was a High Priest of Okawaru.
             Killed from afar by an orc sorcerer (43 damage)
             ... with a bolt of negative energy
             ... on level 1 of the Orcish Mines.
             The game lasted 01:15:39 (31451 turns).

Peloso the Tortoise (Minotaur Fighter)             Turns: 31451, Time: 01:15:40

HP:   -24/130 (139) AC: 18    Str: 26    XL:     15   Next: 3%
MP:   16/16         EV: 11    Int:  3    God:    Okawaru [*****.]
Gold: 2097          SH: 13    Dex: 13    Spells: 14/14 levels left

rFire   + + +      SeeInvis +   a - +8 falchion of Cieb {flame, rPois Int-2 SInv Stlth+}
rCold   + . .      Faith    .   c - +1 kite shield
rNeg    . . .      Spirit   .   N - +3 chain mail {rF+}
rPois   +          Reflect  .   Y - +0 hat {Will+}
rElec   .          Harm     .   j - scarf {rC+ rF+}
rCorr   .          Rampage  .   (no gloves)
Will    ++...                   W - +0 pair of boots "Jeheipp" {Str+2}
Stlth   ..........              (no amulet)
HPRegen 0.31/turn               C - ring of protection from fire
MPRegen 0.15/turn               (no ring)

@: about to teleport, drained
A: horns 2, retaliatory headbutt
a: Renounce Religion, Heroism, Finesse, Duel


You were on level 1 of the Orcish Mines.
You worshipped Okawaru.
Okawaru was extremely pleased with you.
You visited 4 branches of the dungeon, and saw 18 of its levels.
You also visited: Bailey, Gauntlet and Volcano.

You collected 2251 gold pieces.
You spent 154 gold pieces at shops.

Inventory:

Hand Weapons
 a - the +8 falchion of Cieb (weapon) {flame, rPois Int-2 SInv Stlth+}
   (You found it in a bailey)

   It burns those it strikes, dealing additional fire damage.
   Big, fiery blades are also staple armaments of hydra-hunters.
   Int:       It affects your intelligence (-2).
   rPois:     It protects you from poison.
   SInv:      It lets you see invisible.
   Stlth:     It makes you more stealthy.
 b - the +9 dagger of Dim Light {flame, Dex+5}
   (You found it on level 1 of the Lair of Beasts)

   It burns those it strikes, dealing additional fire damage.
   Dex:       It affects your dexterity (+5).
Armour
 c - a +1 kite shield (worn)
 j - a scarf of resistance (worn)
 N - a +3 chain mail of fire resistance (worn)
 W - the +0 pair of boots "Jeheipp" (worn) {Str+2}
   (You found it in a Gauntlet)

   Str:       It affects your strength (+2).
 Y - a +0 hat of willpower (worn)
Jewellery
 q - a ring of resist corrosion
 x - the ring of Juedifipt {Wiz rElec Will+ MP+9 Stlth-}
   (You found it on level 7 of the Dungeon)

   [ring of wizardry]

   It improves your spell success rate.
   rElec:     It insulates you from electricity.
   MP:        It affects your magic capacity (+9).
   Will:      It increases your willpower.
   Stlth:     It makes you less stealthy.
 C - a ring of protection from fire (left hand)
 G - the ring "Pionarphi" {rC+ Int+6 Dex+2 SInv}
   (You found it on level 7 of the Dungeon)

   [ring of intelligence]

   Int:       It affects your intelligence (+6).
   Dex:       It affects your dexterity (+2).
   rC:        It protects you from cold.
   SInv:      It lets you see invisible.
Wands
 e - a wand of paralysis (6)
 r - a wand of flame (75)
 D - a wand of digging (7)
Scrolls
 d - 2 scrolls of brand weapon
 f - a scroll of acquirement
 h - 2 scrolls of enchant armour
 n - 2 scrolls of teleportation
 J - 2 scrolls of magic mapping
 L - a scroll of blinking
Potions
 g - 2 potions of curing
 u - 5 potions of berserk rage {unknown}
 z - 6 potions of flight
 K - 4 potions of haste
 Q - 2 potions of magic {unknown}
 T - a potion of might
 V - 3 potions of attraction {unknown}


   Skills:
 + Level 14.6 Fighting
 + Level 13.1(14.5) Short Blades
 + Level 11.2(14.3) Long Blades
 + Level 3.7 Polearms
 + Level 0.9 Crossbows
 + Level 16.1 Armour
 + Level 7.1 Dodging
 + Level 3.0 Stealth
 + Level 13.0 Shields
 + Level 3.1 Invocations
 + Level 2.5 Evocations


You had 14 spell levels left.
You didn't know any spells.
Your spell library contained the following spells:

 Spells                   Type           Power      Damage    Failure   Level
 Apportation              Tloc           0%         N/A       96%         1
 Sting                    Tmut/Pois      0%         1d3       96%         1
 Corpse Rot               Necr/Air       0%         N/A       99%         2
 Ensorcelled Hibernation  Hex/Ice        0%         N/A       99%         2
 Poisonous Vapours        Pois/Air       0%         N/A       99%         2
 Scorch                   Fire           0%         2d5       99%         2
 Sublimation of Blood     Necr           0%         N/A       99%         2
 Conjure Flame            Conj/Fire      0%         6-21      100%        3
 Ignite Poison            Fire/Tmut/Pois 0%         N/A       100%        3
 Ozocubu's Armour         Ice            0%         N/A       100%        3
 Portal Projectile        Hex/Tloc       0%         N/A       100%        3
 Stone Arrow              Conj/Erth      0%         3d7       100%        3
 Flame Wave               Conj/Fire      0%         3d3       100%        4
 Ice Form                 Ice/Tmut       0%         N/A       100%        4
 Leda's Liquefaction      Hex/Erth       0%         N/A       100%        4
 Olgreb's Toxic Radiance  Pois           0%         N/A       100%        4
 Passage of Golubria      Tloc           0%         N/A       100%        4
 Petrify                  Tmut/Erth      0%         N/A       100%        4
 Sticky Flame             Conj/Fire      0%         2d3       100%        4
 Blade Hands              Tmut           0%         N/A       100%        5
 Excruciating Wounds      Necr           0%         N/A       100%        5
 Irradiate                Conj/Tmut      0%         3d13      100%        5
 Lee's Rapid Deconstruct  Erth           0%         3d5*      100%        5
 Metabolic Englaciation   Hex/Ice        0%         N/A       100%        5
 Silence                  Hex/Air        0%         N/A       100%        5
 Statue Form              Tmut/Erth      0%         N/A       100%        6
 Lehudib's Crystal Spear  Conj/Erth      0%         10d2      100%        8
 Chain Lightning          Conj/Air       0%         N/A       100%        9
 Fire Storm               Conj/Fire      0%         5d1       100%        9
 Shatter                  Erth           0%         3d5*      100%        9
 Animate Skeleton         Necr           Unusable   N/A       N/A         1
 Summon Small Mammal      Summ           Unusable   N/A       N/A         1
 Summon Guardian Golem    Hex/Summ       Unusable   N/A       N/A         3
 Tukima's Dance           Hex            Unusable   N/A       N/A         3
 Animate Armour           Summ/Erth      Unusable   N/A       N/A         4
 Summon Mana Viper        Hex/Summ       Unusable   N/A       N/A         5
 Simulacrum               Ice/Necr       Unusable   N/A       N/A         6
 Summon Cactus Giant      Summ           Unusable   N/A       N/A         6

Dungeon Overview and Level Annotations

Branches:
Dungeon (13/15)            Temple (1/1) D:5            Lair (3/6) D:8
 Spider (0/4) Lair:3          Orc (1/2) D:11         Bailey (visited)
Volcano (visited)         Gauntlet (visited)
  Swamp: Lair:2-4    Shoals: Lair:2-4    Vaults: D:13-14

Altars:
Ashenzari
Cheibriados
Dithmenos
Elyvilon
Fedhas
Gozag
Hepliaklqana
Kikubaaqudgha
Makhleb
Nemelex Xobeh
Okawaru
Qazlal
Ru
Sif Muna
Trog
Uskayaw
Vehumet
Wu Jian
Xom
Yredelemnul
Zin
The Shining One
Beogh

Shops:
D:5 !   D:9 [   Orc:1 ?

Annotations:
D:6 3 runed translucent doors, benitares's ghost, novice HOFi


Innate Abilities, Weirdness & Mutations

You have a pair of horns on your head.
You reflexively headbutt those who attack you in melee.


Message History

You hear a shout!
An ogre comes into view. It is wielding a +0 giant spiked club.
You hear two shouts!
Unknown command.
The ogre hits you with a +0 giant club!
* * * LOW HITPOINT WARNING * * *
You slash the ogre! You burn the ogre.
You headbutt the ogre, but do no damage.
The ogre is heavily wounded.
You slash the ogre! You burn the ogre.
You kill the ogre!
Okawaru accepts your kill.
Found 18 gold pieces.
The ogre hits you with a +0 giant spiked club!
* * * LOW HITPOINT WARNING * * *
Things that are here:
a +0 giant club; an ogre corpse You slash the ogre!
You burn the ogre.
The ogre is heavily wounded.
You barely miss the ogre. You headbutt the ogre.
The ogre is heavily wounded.
You block the ogre's attack.
You slash the ogre! You burn the ogre.
You kill the ogre!
Okawaru accepts your kill.
An orc sorcerer comes into view. It is wielding a +0 dagger.
Things that are here:
a +0 giant spiked club; 25 gold pieces The orc sorcerer shouts!
You see here a +0 giant spiked club.
You start resting.
An ettin comes into view. It is wielding two +0 dire flails.
You start resting.
An orc sorcerer is nearby!
As you read the scroll of teleportation, it crumbles to dust.
You feel strangely unstable.
The orc sorcerer's eyes start to glow.
The orc sorcerer casts a spell at you. The bolt of negative energy hits you!!!
You feel drained.
You die...

## ##.# #...
##...##
##.....#
#......###
.#........##
.......)...##
.......)@...##
....Co###)...#
.....# #....##
$.... .....##
###.o.....##
C......##
.#.#.### . #.
#


You could see an ettin and an orc sorcerer.

Vanquished Creatures
  Jorgrun (D:12)
  Rupert (D:13)
  Frances (D:12)
  Kirke (D:13)
  A frost giant (D:13)
  A minotaur (Gauntlet)
  A fire dragon (Volcano)
  A green death (Gauntlet)
  The ghost of Htamos the Destroyer, a journeyman DgCj (D:11)
  Erolcha (D:13)
  5 hydras
  A boulder beetle (D:13)
  A death knight (D:12)
  12 two-headed ogres
  6 centaur warriors
  The ghost of FDRCH the Fighter, a novice BaFi of Okawaru (D:9)
  2 tengu warriors
  Urug (D:12)
  An orc high priest (Orc:1)
  A flayed ghost (D:12)
  3 deep elf zephyrmancers (Orc:1)
  An orc knight (Bailey)
  A necromancer (Gauntlet)
  2 orc sorcerers
  2 deep elf pyromancers
  A wolf spider (Lair:1)
  4 cyclopes
  4 ugly things
  12 slime creatures
  3 salamanders (Volcano)
  2 manticores
  A moth of wrath (D:11)
  2 black mambas
  Maurice (D:12)
  A torpor snail (Lair:3)
  2 unseen horrors
  2 orange demons (Gauntlet)
  2 rime drakes
  3 cane toads
  2 kobold demonologists (D:9)
  2 yaktaurs (D:13)
  2 freezing wraiths
  15 komodo dragons
  A polar bear (Lair:2)
  7 trolls
  A queen bee (D:8)
  Grinder (D:3)
  3 blink frogs (Lair:2)
  Sigmund (D:3)
  6 shadows
  2 wraiths
  Eustachio (D:5)
  3 basilisks
  5 fire bats (Volcano)
  2 hogs (D:13)
  6 wyverns
  19 yaks
  3 humans (D:13)
  4 steam dragons
  A basilisk (shapeshifter) (D:13)
  4 vampire mosquitoes (D:12)
  10 wargs (D:9)
  5 acid dragons
  10 water moccasins
  Duvessa (D:7)
  26 orc warriors
  An ice beast (D:6)
  2 sky beasts
  2 black bears
  2 necrophages
  7 ogres
  28 wolves
  12 centaurs
  3 phantoms
  4 kobold brigands (D:9)
  9 bullfrogs
  2 scorpions
  10 gnoll sergeants
  A water moccasin skeleton (D:7)
  20 killer bees
  7 howler monkeys
  A vampire bat (Lair:3)
  4 wights (D:9)
  6 electric eels
  2 bullfrog zombies (D:6)
  3 centaur zombies
  2 hounds
  4 jellies
  5 gnoll shamans (D:9)
  11 orc priests
  2 bullfrog skeletons
  A centaur skeleton (D:6)
  5 iguanas
  23 orc wizards
  A killer bee zombie (D:8)
  4 howler monkey zombies
  Robin (D:4)
  3 adders
  10 gnolls
  2 white imps
  An ufetubus (D:5)
  2 adder skeletons
  2 worms
  2 dart slugs
  63 orcs
  15 ball pythons
  11 endoplasms
  A giant cockroach (D:3)
  16 goblins
  6 hobgoblins
  6 jackals
  3 quokkas
  2 ball python skeletons (D:3)
  12 bats
  A frilled lizard (D:2)
  A jackal skeleton (D:3)
  8 kobolds
  A quokka skeleton (D:3)
  4 rats (D:2)
590 creatures vanquished.

Vanquished Creatures (others)
  A deep elf pyromancer (Orc:1)
  Dowan (D:7)
  A fire vortex (Orc:1)
  3 fungi
  103 plants
  11 withered plants
120 creatures vanquished.

Grand Total: 710 creatures vanquished

Notes
Turn   | Place    | Note
-------+----------+-------------------------------------------
     0 | D:1      | Peloso the Minotaur Fighter began the quest for the Orb.
     0 | D:1      | Reached XP level 1. HP: 19/19 MP: 0/0
   269 | D:1      | Found a faded altar of an unknown god.
   306 | D:1      | Reached skill level 4 in Armour
   306 | D:1      | Reached XP level 2. HP: 27/27 MP: 1/1
  1088 | D:2      | Reached XP level 3. HP: 33/33 MP: 2/2
  1852 | D:3      | Noticed Grinder
  1861 | D:2      | Reached XP level 4. HP: 24/40 MP: 0/3
  2069 | D:3      | Paralysed by Grinder for 2 turns
  2202 | D:4      | Reached skill level 5 in Armour
  2211 | D:4      | Reached skill level 1 in Dodging
  2286 | D:4      | Noticed a scorpion
  2316 | D:4      | Killed a scorpion
  2317 | D:4      | Reached XP level 5. HP: 37/46 MP: 2/4
  2682 | D:4      | Noticed Robin
  2761 | D:4      | Killed Robin
  3140 | D:5      | Entered Level 5 of the Dungeon
  3167 | D:5      | Found a staircase to the Ecumenical Temple.
  3173 | Temple   | Entered the Ecumenical Temple
  3414 | D:5      | Noticed a phantom
  3425 | D:5      | Killed a phantom
  3426 | D:5      | Reached skill level 1 in Short Blades
  3426 | D:5      | Reached XP level 6. HP: 51/52 MP: 5/5
  3911 | D:5      | Found Oseng's Distillery.
  3946 | D:5      | Reached skill level 6 in Armour
  3946 | D:5      | Reached XP level 7. HP: 47/60 MP: 4/6
  4476 | D:5      | Noticed Eustachio
  4558 | D:5      | Killed Eustachio
  4796 | D:5      | Bought a potion of heal wounds for 55 gold pieces
  4796 | D:5      | Bought a potion of might for 44 gold pieces
  4796 | D:5      | Bought 2 potions of degeneration for 22 gold pieces
  4800 | D:5      | Bought a potion of flight for 33 gold pieces
  4830 | D:6      | Reached skill level 5 in Shields
  4914 | D:6      | Reached skill level 5 in Fighting
  4914 | D:6      | Reached skill level 5 in Short Blades
  4918 | D:6      | Reached XP level 8. HP: 60/68 MP: 5/7
  5085 | D:6      | Found a runed translucent gate.
  5085 | D:6      | Found a runed translucent gate.
  5086 | D:6      | Noticed benitares's ghost (novice HOFi)
  5088 | D:6      | Found a runed translucent gate.
  5368 | D:6      | Reached skill level 7 in Armour
  5655 | D:6      | Reached skill level 1 in Evocations
  5863 | D:6      | Reached skill level 1 in Stealth
  5883 | D:6      | Reached XP level 9. HP: 54/75 MP: 6/8
  6444 | D:3      | Paralysed by Grinder for 7 turns
  6462 | D:3      | Killed Grinder
  6796 | D:3      | Noticed Sigmund
  6809 | D:3      | Killed Sigmund
  6810 | D:3      | Reached skill level 8 in Armour
  7035 | D:7      | Found an iron altar of Okawaru.
  7046 | D:7      | Became a worshipper of Warmaster Okawaru
  7562 | D:7      | Noticed a troll
  7574 | D:7      | Killed a troll
  7644 | D:7      | Noticed a komodo dragon
  7644 | D:7      | Noticed a cyclops
  7649 | D:7      | Killed a cyclops
  7649 | D:7      | Reached * piety under Okawaru
  7649 | D:7      | Noticed a komodo dragon
  7650 | D:7      | Reached skill level 9 in Armour
  7654 | D:7      | Noticed a six-headed hydra
  7655 | D:7      | Killed a komodo dragon
  7656 | D:7      | Reached XP level 10. HP: 40/86 MP: 3/9
  7671 | D:7      | Reached ** piety under Okawaru
  7940 | D:7      | Killed a six-headed hydra
  7941 | D:7      | Reached skill level 10 in Short Blades
  7941 | D:7      | Reached skill level 1 in Polearms
  7941 | D:7      | Reached skill level 10 in Armour
  8290 | D:7      | Identified the ring of Hoqooth {Will+ SInv}
  8307 | D:7      | Noticed a two-headed ogre
  8322 | D:7      | Killed a two-headed ogre
  8322 | D:7      | Reached *** piety under Okawaru
  8326 | D:7      | Identified the ring of Juedifipt {Wiz rElec Will+ MP+9
                  | Stlth-}
  8344 | D:7      | Identified the ring of Wyopyrel {Will+ EV+4}
  8347 | D:7      | Identified the ring "Pionarphi" {rC+ Int+6 Dex+2 SInv}
  8492 | D:7      | Noticed Duvessa
  8492 | D:7      | Noticed Dowan
  8511 | D:7      | Killed Duvessa
  8512 | D:7      | Killed Dowan
  8879 | D:7      | Noticed a cyan ugly thing
  8892 | D:7      | Killed a cyan ugly thing
  8940 | D:7      | Reached **** piety under Okawaru
  9478 | D:8      | Found a staircase to the Lair.
  9762 | D:8      | Reached skill level 11 in Armour
 10381 | D:9      | Found Ceilavon's Armour Emporium.
 10494 | D:9      | Reached XP level 11. HP: 73/95 MP: 7/10
 10794 | D:9      | Noticed an orc sorcerer
 10794 | D:9      | Noticed a two-headed ogre
 10794 | D:9      | Noticed a two-headed ogre
 11168 | D:9      | Killed a two-headed ogre
 11238 | D:9      | Reached ***** piety under Okawaru
 11580 | D:9      | Killed an orc sorcerer
 11581 | D:9      | Reached skill level 1 in Invocations
 11695 | D:9      | Killed a two-headed ogre
 12891 | D:9      | Reached skill level 12 in Armour
 13253 | D:9      | Reached skill level 10 in Fighting
 14014 | D:9      | Found a runed translucent gate.
 14015 | D:9      | Found a runed translucent gate.
 14015 | D:9      | Found a runed translucent gate.
 14104 | D:9      | Noticed FDRCH's ghost (novice BaFi)
 14227 | D:9      | Found a sacrificial altar of Ru.
 14227 | D:9      | Found a faded altar of an unknown god.
 14233 | D:9      | Found an ornate altar of the Wu Jian Council.
 14235 | D:9      | Found a radiant altar of Vehumet.
 14237 | D:9      | Found a broken altar of Ashenzari.
 14396 | Lair:1   | Entered Level 1 of the Lair of Beasts
 14399 | Lair:1   | Identified a scroll of acquirement
 14399 | Lair:1   | Acquired 717 gold pieces
 14432 | Lair:1   | Reached XP level 12. HP: 107/107 MP: 12/12
 14535 | Lair:1   | Noticed a six-headed hydra
 14538 | Lair:1   | Reached ****** piety under Okawaru
 14549 | Lair:1   | Killed a six-headed hydra
 14618 | Lair:1   | Identified the +9 dagger of Dim Light {flame, Dex+5}
 14803 | Lair:1   | Identified the +1 dagger of Dissatisfaction {vorpal, rElec
                  | rC- rCorr Int-3} (Okawaru gifted it to you on level 1 of
                  | the Lair of Beasts)
 14803 | Lair:1   | Received a gift from Okawaru
 14831 | Lair:1   | Found a dark tunnel.
 14837 | Volcano  | Entered a volcano
 15086 | Volcano  | Noticed a two-headed ogre
 15102 | Volcano  | Killed a two-headed ogre
 15257 | Volcano  | Noticed a two-headed ogre
 15266 | Volcano  | Killed a two-headed ogre
 15312 | Volcano  | Reached skill level 10 in Shields
 15601 | Volcano  | Reached skill level 5 in Dodging
 15604 | Volcano  | Received a gift from Okawaru
 15885 | Volcano  | Reached skill level 13 in Armour
 16027 | Volcano  | Identified the +9 morningstar of the Hidden Interlopers
                  | {pain, rElec Dex+3 SInv} (Okawaru gifted it to you in a
                  | volcano)
 16027 | Volcano  | Received a gift from Okawaru
 16073 | Volcano  | Noticed a fire dragon
 16087 | Volcano  | Killed a fire dragon
 16669 | Lair:1   | You fall into a shaft and drop 1 floor!
 16816 | Lair:2   | Reached XP level 13. HP: 104/118 MP: 10/13
 17938 | Lair:3   | Found a hole to the Spider Nest.
 18311 | Lair:3   | Reached skill level 14 in Armour
 18899 | Lair:3   | Identified the +0 scale mail of the Carpenter {Str+6
                  | Stlth-} (Okawaru gifted it to you on level 3 of the Lair of
                  | Beasts)
 18899 | Lair:3   | Received a gift from Okawaru
 19671 | D:10     | Entered Level 10 of the Dungeon
 19695 | D:10     | Found a bloodstained altar of Trog.
 19734 | D:10     | Found a flagged portal.
 19753 | Bailey   | Entered a bailey
 20245 | Bailey   | Identified the +8 falchion of Cieb {flame, rPois Int-2 SInv
                  | Stlth+}
 21157 | D:10     | Reached skill level 5 in Long Blades
 21327 | D:9      | Killed FDRCH's ghost
 21991 | D:11     | Found a staircase to the Orcish Mines.
 22064 | D:11     | Noticed Htamos's ghost (journeyman DgCj)
 22077 | D:11     | Found a bloodstained altar of Trog.
 22083 | D:11     | Found a transporter.
 22087 | D:11     | Found a transporter.
 22240 | D:11     | Reached skill level 15 in Armour
 22621 | D:12     | Noticed Frances
 22645 | D:12     | Killed Frances
 22670 | D:12     | Noticed Jorgrun
 22687 | D:12     | Killed Jorgrun
 22727 | D:12     | Found a gate leading to a gauntlet.
 22737 | Gauntlet | Entered a Gauntlet
 22737 | Gauntlet | Found a transporter.
 23037 | Gauntlet | Found a transporter.
 23039 | Gauntlet | Found a transporter.
 23054 | Gauntlet | Found a transporter.
 23056 | Gauntlet | Found a transporter.
 23069 | Gauntlet | Found a transporter.
 23082 | Gauntlet | Found a transporter.
 23089 | Gauntlet | Found a transporter.
 23107 | Gauntlet | Noticed a green death
 23109 | Gauntlet | Found a transporter.
 23114 | Gauntlet | Found a transporter.
 23127 | Gauntlet | Found a transporter.
 23130 | Gauntlet | Found a transporter.
 23157 | Gauntlet | Found a runed translucent door.
 23164 | Gauntlet | Found a transporter.
 23178 | Gauntlet | Found a transporter.
 23360 | Gauntlet | Reached XP level 14. HP: 22/129 MP: 2/14
 23711 | Gauntlet | Identified the +0 pair of boots "Jeheipp" {Str+2}
 23748 | Gauntlet | Received a gift from Okawaru
 23830 | Gauntlet | Identified the ring "Ginlalu" {rPois rF+ Str+2 Int+4
                  | Slay-4}
 23951 | Gauntlet | Identified the ring "Zekawyng" {MP+9 AC+4}
 23984 | Gauntlet | Got Iryv Rerr's Guide on Supportive Ice
 24233 | D:12     | Noticed Maurice
 24240 | D:12     | Killed Maurice
 24352 | D:12     | Found a stormy altar of Qazlal.
 24898 | D:13     | Noticed Urug
 24913 | D:12     | Killed Urug
 24915 | D:12     | HP: 2/129 [acid dragon (11)]
 26944 | D:13     | Found an opulent altar of Gozag.
 27088 | D:13     | Noticed Erolcha
 27099 | D:13     | Killed Erolcha
 27185 | D:13     | Noticed Rupert
 27186 | D:13     | Paralysed by Rupert for 2 turns
 27207 | D:13     | Killed Rupert
 27472 | D:13     | HP: 6/130 [barbs]
 28401 | D:13     | Reached skill level 10 in Long Blades
 29763 | D:13     | Noticed a frost giant
 29778 | D:13     | Killed a frost giant
 29778 | D:13     | Received a gift from Okawaru
 29971 | D:13     | Reached skill level 16 in Armour
 29976 | D:13     | Identified the +4 dagger "Hihabi" {freeze, Str+3 Dex+4}
 30120 | D:13     | Noticed Kirke
 30138 | D:13     | Killed Kirke
 30550 | D:11     | Killed Htamos's ghost
 30967 | Orc:1    | Entered Level 1 of the Orcish Mines
 31275 | Orc:1    | Found Ycediwk's Magic Scroll Shoppe.
 31402 | Orc:1    | Reached XP level 15. HP: 67/139 MP: 16/16
 31451 | Orc:1    | Killed from afar by an orc sorcerer

Illustrated notes

Levels and vault maps discovered:
D:1:      dpeg_arrival_simpleton_a, layout_basic,
          shapermc_ecumenical_altar_ellora, hex_large
D:2:      layout_loops_ring, roderic_lattice_a
D:3:      cheibrodos_helix_gallery, layout_rooms, serial_undead,
          serial_undead_b, serial_undead_e, serial_undead_e, serial_undead_c,
          serial_undead_a, serial_undead_b, serial_undead_e, uniq_grinder,
          uniq_sigmund
D:4:      layout_basic, minmay_stone_trees_small, uniq_robin
D:5:      layout_loops_corners, minmay_temple_entry_offerings, serial_shops,
          nicolae_take_the_stairs, grunt_ministairs_2,
          eino_small_chamber_without_monster, uniq_eustachio
D:6:      layout_loops_ring, biasface_ghost_orc_armoury, kennysheep_path_1,
          minmay_joined_circles
D:7:      minmay_the_grid_triangle_9x9_recursive_2
          [minmay_the_grid_triangle_9x9_prize_special,
          minmay_the_grid_triangle_9x9_longest,
          minmay_the_grid_triangle_9x9_skeleton,
          minmay_the_grid_triangle_9x9_dagger], layout_basic, okawaru_trees_1,
          uniq_duvessa
D:8:      layout_gridville, david_lair_shrubbed, kennysheep_boxes
D:9:      lemuel_castle_with_subvaults [lemuel_castle_interior_original],
          layout_stronghold, chequers_temple_overflow_minitemple,
          gammafunk_ghost_spectres, serial_shops, nicolae_shop_hallway_stairs,
          minivault_7
D:10:     layout_loops_ring, kennysheep_mini_moat, enter_bailey_5
D:11:     layout_rooms, david_orc_3, gammafunk_ghost_wrathful_warriors
D:12:     layout_basic, gauntlet_entry_generic, grunt_qazlal_sundering,
          uniq_frances, uniq_jorgrun, uniq_maurice
D:13:     minmay_expanding_squares, layout_cave_pools,
          nicolae_gozag_seed_capital, uniq_erolcha, uniq_urug, uniq_kirke,
          uniq_rupert
Temple:   compressed_dpeg_circular_temple
Lair:1:   layout_misc_corridors, nicolae_volcano_entry_hallway,
          chequers_serial_rivers_micro_b, nicolae_lair_run_with_the_wolves,
          grunt_megastairs_2
Lair:2:   layout_hall_layers, st_stairs_12
Lair:3:   layout_hall_layers, dummy_spider_entry, st_stairs_9, roderic_batcave
Orc:1:    layout_diamond_mine, serial_shops, nicolae_shop_advertising_works
          [nicolae_subvault_shop_adworks], nicolae_orc_lava_tube,
          elves_outpost_lemuel

Skill      XL: |  1  2  3  4  5  6  7  8  9 10 11 12 13 14 15 |
---------------+----------------------------------------------+-----
Armour         | 4 5 6 7 9 11 12 13 15 16 | 16.1
Shields        | 4 5 6 8 9 10 11 12 13 | 13.0
Long Blades    | 3 4 7 11 | 11.2
Dodging        | 1 2 3 5 6 7 |  7.1
Fighting       | 4 5 6 7 8 10 12 13 14 | 14.6
Short Blades   | 1 3 5 7 9 10 12 13 | 13.1
Evocations     | 1 2 |  2.5
Stealth        | 1 2 3 |  3.0
Polearms       | 2 3 |  3.7
Invocations    | 1 2 3 |  3.1
Crossbows      | |  0.9

Action                   |  1- 3 |  4- 6 |  7- 9 | 10-12 | 13-15 || total
-------------------------+-------+-------+-------+-------+-------++-------
Melee: Long sword        |    80 |     7 |       |       |       ||    87
       Headbutt          |    11 |    20 |    69 |   250 |   268 ||   618
       Short sword       |       |   123 |   406 |   859 |       ||  1388
       Spear             |       |       |       |    19 |       ||    19
       Dagger            |       |       |       |   235 |   192 ||   427
       Falchion          |       |       |       |       |   695 ||   695
 Fire: Hand crossbow     |       |       |       |       |    12 ||    12
Invok: Heroism           |       |       |       |     9 |    17 ||    26
Evoke: Wand              |       |       |     6 |    18 |    23 ||    47
  Use: Scroll            |     3 |       |     3 |    12 |    14 ||    32
       Potion            |       |       |     3 |     2 |     4 ||     9
 Stab: Paralysed         |       |       |       |       |     1 ||     1
Armor: Scale mail        |    34 |    48 |     8 |       |       ||    90
       Chain mail        |       |       |   111 |   180 |   419 ||   710
       Plate armour      |       |       |    93 |   204 |       ||   297
       Acid dragon scale |       |       |       |       |     3 ||     3
Dodge: Dodged            |    47 |    52 |   171 |   442 |   440 ||  1152
Block: Buckler           |    20 |    29 |    84 |   254 |   299 ||   686
       Kite shield       |       |       |       |       |    56 ||    56

Table legend: (Time is in decaauts)
 A = Elapsed time spent in this place.
 B = Non-inter-level travel time spent in this place.
 C = Inter-level travel time spent in this place.
 D = Time resting spent in this place.
 E = Time spent auto-exploring this place.
 F = Levels seen in this place.
 G = Mean time per level.
                   A        B        C        D        E       F      G
               +--------+--------+--------+--------+--------+-----+--------+
         Total |  30601 |  29792 |    809 |   7124 |  16211 |  21 | 1457.2 |
       Dungeon |  22904 |  22136 |    768 |   5322 |  12504 |  13 | 1761.8 |
        Temple |     89 |     89 |      0 |      0 |      0 |   1 |   89.0 |
          Lair |   3253 |   3213 |     40 |      0 |   2400 |   3 | 1084.3 |
  Orcish Mines |    458 |    458 |      0 |    138 |    158 |   1 |  458.0 |
        Bailey |    946 |    946 |      0 |    100 |    576 |   1 |  946.0 |
       Volcano |   1708 |   1708 |      0 |    736 |    562 |   1 | 1708.0 |
      Gauntlet |   1239 |   1239 |      0 |    828 |     10 |   1 | 1239.0 |
               +--------+--------+--------+--------+--------+-----+--------+

Top non-repeatable levels by time:
    D:12: 4705 daAuts
     D:9: 3658 daAuts
     D:6: 2070 daAuts
 Volcano: 1708 daAuts
  Lair:3: 1633 daAuts
     D:5: 1593 daAuts
     D:7: 1581 daAuts
    D:11: 1548 daAuts
    D:13: 1523 daAuts
     D:8: 1509 daAuts
Gauntlet: 1239 daAuts
     D:4: 1097 daAuts
     D:2: 1056 daAuts
    D:10: 1038 daAuts
  Lair:2: 987 daAuts
